[Event "Titled Tuesday Blitz November 14 Late 2023"]
[White "Huda, Maryana"]
[Black "Kanyamarala, Tarun"]
[WhiteFideId "14116553"]
[BlackFideId "45004714"]
[WhiteElo "2336"]
[BlackElo "2504"]
[Result "1-0"]
[Round "4"]
[TimeControl "180+1"]
[Date "2023.11.14"]
[WhiteClock "0:00:10"]
[BlackClock "0:00:02"]
[Board "124"]

1. d4 d5 2. c4 e6 3. Nc3 c6 4. e3 Bd6 5. Bd3 f5 6. f4 Nf6 7. Nf3 O-O 8. O-O Nbd7 9. a3 Ne4 10. Ne5 Nxe5 11. fxe5 Be7 12. Bxe4 fxe4 13. c5 b6 14. b4 a5 15. Bd2 axb4 16. axb4 Rxa1 17. Qxa1 Rxf1+ 18. Qxf1 bxc5 19. bxc5 Qc7 20. Qb1 Ba6 21. Na4 Bb5 22. Nb6 Qa7 23. Nc8 Qb7 24. Nxe7+ Qxe7 25. Qa1 h6 26. Be1 Qf7 27. Bf2 Qh5 28. Qe1 Qg4 29. Bg3 Kf7 30. Qf2+ Ke8 31. h3 Qd1+ 32. Kh2 Bf1 33. Bh4 Be2 34. Qg3 g5 35. Bxg5 hxg5 36. Qxg5 Bh5 37. Qf6 Bf7 38. Qh8+ Ke7 39. Qf6+ Kf8 40. Qh8+ Bg8 41. Qf6+ Ke8 42. Qg6+ Bf7 43. Qf6 Qh5 44. Qf4 Bg6 45. g4 Qh4 46. Qg3 Qh7 47. h4 Qa7 48. h5 Qa2+ 49. Kh3 Bh7 50. Kh4 Qe2 51. Kg5 Qf1 52. Kh6 Qf7 53. Qf4 Qxf4+ 54. exf4 e3 55. Kxh7 e2 56. Kg7 e1=Q 57. h6 Qh4 58. g5 Qxf4 59. g6 Qf8+ 60. Kh7 Ke7 61. g7 Qf5+ 62. Kh8 Qg6 63. h7 Kf7 64. g8=Q+ 1-0


[Site "https://www.chess.com"]

[Event "Titled Tuesday Blitz November 14 Late 2023"]
[White "Harish, Neeraj"]
[Black "Kochiev, Ivan"]
[WhiteFideId "30958130"]
[BlackFideId "2917890"]
[WhiteElo "2334"]
[BlackElo "2502"]
[Result "0-1"]
[Round "4"]
[TimeControl "180+1"]
[Date "2023.11.14"]
[WhiteClock "0:00:13"]
[BlackClock "0:00:05"]
[Board "125"]

1. e4 c5 2. Nf3 d6 3. d4 cxd4 4. Nxd4 Nf6 5. Nc3 Nc6 6. Bg5 e6 7. Qd3 a6 8. Nxc6 bxc6 9. O-O-O d5 10. e5 h6 11. Qh3 Rg8 12. Bh4 g5 13. exf6 gxh4 14. Qxh4 Rg6 15. Bd3 Qxf6 16. Qa4 Bd7 17. Bxg6 Qxg6 18. Rhe1 Bg7 19. Qa5 Qf6 20. Qb6 Bf8 21. Nxd5 cxd5 22. Rxd5 Rc8 23. Qb7 Qf4+ 24. Kb1 Qc7 25. Qxc7 Rxc7 26. Ra5 Bb4 27. Rxa6 Bxe1 28. Ra8+ Ke7 0-1


[Site "https://www.chess.com"]

[Event "Titled Tuesday Blitz November 14 Late 2023"]
[White "patzersame"]
[Black "Erzhanov, Arman"]
[BlackFideId "4138821"]
[WhiteElo "2330"]
[BlackElo "2500"]
[Result "0-1"]
[Round "4"]
[TimeControl "180+1"]
[Date "2023.11.14"]
[WhiteClock "0:00:00"]
[BlackClock "0:00:02"]
[Board "126"]

1. e4 d6 2. d4 Nf6 3. Nc3 c6 4. a4 Nbd7 5. g4 e5 6. g5 Ng8 7. dxe5 dxe5 8. Bc4 Bb4 9. Qf3 Qe7 10. Bd2 a5 11. O-O-O Nc5 12. Nge2 Be6 13. Bxe6 Qxe6 14. Kb1 Ne7 15. h4 O-O-O 16. Qe3 b6 17. f4 f6 18. f5 Qf7 19. Rhg1 Kb7 20. gxf6 gxf6 21. Qh6 Rdg8 22. Be3 Kc7 23. Bxc5 Bxc5 24. Rg3 Rxg3 25. Nxg3 Rd8 26. Rxd8 Kxd8 27. Nh5 Ng8 28. Qg7 Ke7 29. Qxf7+ Kxf7 30. Ne2 Bf2 31. Nhg3 Nh6 32. c3 Ng4 33. b4 Ne3 34. h5 Nc4 35. Kc2 Ke7 36. Nf1 Nd6 37. Kd3 Be1 38. bxa5 bxa5 39. Ne3 Kd7 40. Nc4 Nb7 41. Nc1 Bf2 42. Nb3 Kc7 43. Ncxa5 Nxa5 44. Nxa5 Kb6 45. Nc4+ Kc5 46. a5 Kb5 47. a6 Kxa6 48. Nd6 Bc5 49. Ne8 Be7 50. Ng7 Kb5 51. Ne6 Bd6 52. Nd8 Be7 53. Nf7 Kc5 54. Nh6 Kd6 55. Ng4 Kc5 56. Ne3 Bf8 57. Nc2 Kb5 58. c4+ Ka4 59. Kc3 Bc5 60. Ne1 Ka5 61. Kb3 Kb6 62. Nd3 Be7 63. Ka4 Bf8 64. Kb3 Be7 65. Ne1 Bf8 66. Nf3 Kc5 67. Nh4 Bh6 0-1


[Site "https://www.chess.com"]

[Event "Titled Tuesday Blitz November 14 Late 2023"]
[White "Urbina Perez, Juan Antonio"]
[Black "Romero Ruscalleda, Josep"]
[WhiteFideId "2217368"]
[BlackFideId "2231859"]
[WhiteElo "2497"]
[BlackElo "2321"]
[Result "1/2-1/2"]
[Round "4"]
[TimeControl "180+1"]
[Date "2023.11.14"]
[WhiteClock "0:01:15"]
[BlackClock "0:00:59"]
[Board "127"]

1. d4 g6 2. e4 Bg7 3. Nf3 d6 4. Bd3 Nd7 5. O-O c5 6. c3 Ngf6 7. Qe2 cxd4 8. cxd4 e5 9. dxe5 dxe5 10. Bb5 O-O 11. Rd1 Qc7 12. Nc3 a6 13. Bd3 Nc5 14. Bc2 Bg4 15. h3 Bxf3 16. Qxf3 Ne6 17. Be3 Rfd8 18. Rac1 Nd4 19. Bxd4 exd4 20. Nd5 Nxd5 21. exd5 Qd6 22. Bb3 Rac8 23. Qg4 Rxc1 24. Rxc1 Be5 25. g3 Kg7 26. Kg2 Bf6 27. h4 h5 28. Qf3 Re8 29. Rd1 Re5 30. Rd3 Rf5 31. Qd1 b5 32. Rf3 Rxf3 33. Qxf3 a5 34. a4 bxa4 35. Bxa4 d3 36. Qxd3 Bxb2 37. Qd2 Qb4 38. Qxb4 axb4 39. d6 Kf6 40. Bb3 Be5 41. d7 Bc7 42. Kf3 Ke7 43. Ke4 f6 44. Ba4 g5 45. Kf5 gxh4 46. gxh4 Bb6 47. f3 Bf2 48. Kg6 Bxh4 49. Kxh5 Bf2 50. Kg6 Bd4 51. Kf5 b3 52. Bxb3 Kxd7 53. Ke4 Bb2 54. Kd5 Bc3 55. Ke4 1/2-1/2


[Site "https://www.chess.com"]

[Event "Titled Tuesday Blitz November 14 Late 2023"]
[White "Cooper, Aaron"]
[Black "Ballester Llagaria, Luis Eduardo"]
[WhiteFideId "2634945"]
[BlackFideId "2297620"]
[WhiteElo "2287"]
[BlackElo "2495"]
[Result "1/2-1/2"]
[Round "4"]
[TimeControl "180+1"]
[Date "2023.11.14"]
[WhiteClock "0:00:22"]
[BlackClock "0:00:17"]
[Board "128"]

1. e4 c6 2. d4 d5 3. exd5 cxd5 4. Bd3 Nc6 5. c3 Qc7 6. Ne2 Bg4 7. O-O e6 8. Qe1 Nf6 9. f3 Bh5 10. Qh4 Be7 11. Bg5 Bg6 12. Bxg6 fxg6 13. Nf4 Kf7 14. Nd3 h6 15. Bf4 g5 16. Qxg5 hxg5 17. Bxc7 Rac8 18. Be5 Nd7 19. f4 gxf4 20. Bxf4 Bf6 21. Nd2 Kg6 22. Nf3 Rce8 23. Rae1 Rhf8 24. Bg3 Kh7 25. Nf4 e5 26. dxe5 Ndxe5 27. Nxd5 Nxf3+ 28. Rxf3 Rxe1+ 29. Bxe1 Re8 30. Bf2 Bg5 31. h4 Bc1 32. b3 Ne5 33. Rg3 Rd8 34. c4 b5 35. Bd4 Bf4 36. Nxf4 Rxd4 37. Rxg7+ Kxg7 38. Ne6+ Kf6 39. Nxd4 bxc4 40. bxc4 Nxc4 41. Kf2 Ke5 42. Nc6+ Kf4 43. Nxa7 Kg4 44. g3 Nd6 45. Nc6 Ne4+ 46. Kg2 Nxg3 47. a4 Ne4 48. a5 Nc5 49. Kf2 Kxh4 50. Ke3 Kg4 51. Kd4 Nb3+ 52. Kc4 Nxa5+ 1/2-1/2


[Site "https://www.chess.com"]

[Event "Titled Tuesday Blitz November 14 Late 2023"]
[White "Hajiyev, Kanan"]
[Black "Clawitter, Craig"]
[WhiteFideId "13404148"]
[BlackFideId "2023105"]
[WhiteElo "2493"]
[BlackElo "2283"]
[Result "1-0"]
[Round "4"]
[TimeControl "180+1"]
[Date "2023.11.14"]
[WhiteClock "0:00:41"]
[BlackClock "0:00:06"]
[Board "129"]

1. d4 e6 2. Nf3 Nf6 3. c4 d5 4. cxd5 exd5 5. Nc3 c6 6. Qc2 Be7 7. Bf4 O-O 8. e3 Nbd7 9. Bd3 Re8 10. O-O Nf8 11. h3 Ne6 12. Be5 g6 13. Rab1 a5 14. a3 Bd6 15. b4 Ng7 16. Rfc1 Bf5 17. Bxd6 Qxd6 18. Ne5 Bxd3 19. Qxd3 axb4 20. axb4 b5 21. Ne2 Ra6 22. Rc2 Nd7 23. Nxd7 Qxd7 24. Qc3 Nf5 25. Nf4 Nd6 26. Nd3 Qa7 27. Qc5 Nc4 28. Re2 Ra1 29. Qxa7 Rxa7 30. Kf1 Rea8 31. Ne5 Nxe5 32. dxe5 Ra1 33. Rb2 R8a2 34. Rxa1 Rxb2 35. Rc1 Rxb4 36. Rxc6 Re4 37. Rb6 Rxe5 38. Rxb5 Kf8 39. Ke2 f6 40. f4 Rh5 41. Rb6 Kg7 42. Rb7+ Kh6 43. Rd7 g5 44. Rxd5 gxf4 45. Rxh5+ Kxh5 46. exf4 Kh4 47. Kf3 f5 48. g4 fxg4+ 49. hxg4 h5 50. g5 Kh3 51. g6 Kh2 52. g7 h4 53. g8=Q h3 54. Kf2 Kh1 55. Qg1# 1-0


[Site "https://www.chess.com"]

[Event "Titled Tuesday Blitz November 14 Late 2023"]
[White "Rich, Albert J"]
[Black "Kohler, Aran"]
[WhiteFideId "2028735"]
[BlackFideId "1002856"]
[WhiteElo "2490"]
[BlackElo "2280"]
[Result "0-1"]
[Round "4"]
[TimeControl "180+1"]
[Date "2023.11.14"]
[WhiteClock "0:01:57"]
[BlackClock "0:01:52"]
[Board "130"]

1. d4 Nf6 2. Nc3 d5 3. Bf4 Bf5 4. e3 e6 5. Nf3 a6 6. Ne5 c5 7. g4 cxd4 8. exd4 Bg6 9. h4 h5 10. Nxg6 fxg6 11. g5 Ne4 12. Bd3 Bb4 13. O-O O-O 14. Bxb8 Qxb8 15. Nxe4 dxe4 16. Bxe4 Qf4 17. Bxg6 Bd6 18. Qxh5 Qh2# 0-1


[Site "https://www.chess.com"]

[Event "Titled Tuesday Blitz November 14 Late 2023"]
[White "Golubenko, Valentina"]
[Black "Cruz Mendez, Jean Marco"]
[WhiteFideId "4501993"]
[BlackFideId "3526402"]
[WhiteElo "2278"]
[BlackElo "2473"]
[Result "1/2-1/2"]
[Round "4"]
[TimeControl "180+1"]
[Date "2023.11.14"]
[WhiteClock "0:00:08"]
[BlackClock "0:00:18"]
[Board "131"]

1. d4 Nf6 2. g3 e5 3. dxe5 Ng4 4. Nf3 Bc5 5. e3 Nc6 6. Bg2 Ngxe5 7. O-O d6 8. b3 Nxf3+ 9. Bxf3 Qf6 10. c3 h5 11. h4 g5 12. b4 Bb6 13. Bxh5 gxh4 14. Qf3 Qg7 15. c4 Ne5 16. Qe2 hxg3 17. f4 Ng4 18. Bb2 Rxh5 19. Bxg7 Rh2 20. Qf3 Bxe3+ 21. Qxe3+ Nxe3 22. Re1 f6 23. Bxf6 Kf7 24. Rxe3 Kxf6 25. Rxg3 Rc2 26. Nc3 Bf5 27. Nd5+ Kf7 28. Re1 Re8 29. Rxe8 Kxe8 30. Nxc7+ Kd7 31. Rg7+ Kc8 32. Nd5 Rxc4 33. Ne7+ Kc7 34. Nxf5+ Kc6 35. Rg6 Rxf4 36. Nxd6 Rxb4 37. Kf2 Rb2+ 38. Ke3 Rxa2 39. Kd3 b5 40. Ne4+ Kb7 41. Nc5+ Kc7 42. Kc3 a6 43. Nxa6+ Kb7 44. Nc5+ Kc7 45. Kb4 Rb2+ 46. Kc3 Ra2 47. Nd3 Ra3+ 48. Kd4 Ra4+ 49. Kc5 Ra3 50. Nb4 Rh3 51. Kxb5 Rh5+ 52. Kc4 Kd7 53. Nd5 Rh4+ 54. Kc5 Rh1 55. Rg7+ Ke8 56. Kd6 Kf8 57. Ra7 Re1 58. Nf6 Rd1+ 59. Nd5 Re1 60. Ra8+ Kf7 61. Ra7+ Kf8 1/2-1/2


[Site "https://www.chess.com"]

[Event "Titled Tuesday Blitz November 14 Late 2023"]
[White "Kuegel, Tobias"]
[Black "Dodaro, Mattia"]
[WhiteFideId "4636295"]
[BlackFideId "28583400"]
[WhiteElo "2459"]
[BlackElo "2251"]
[Result "1-0"]
[Round "4"]
[TimeControl "180+1"]
[Date "2023.11.14"]
[WhiteClock "0:00:11"]
[BlackClock "0:00:00"]
[Board "132"]

1. e4 Nc6 2. Nf3 d6 3. d4 g6 4. d5 Nb8 5. c4 Bg7 6. Nc3 Bg4 7. Qb3 b6 8. a4 Bxf3 9. gxf3 a5 10. Nb5 Na6 11. h4 Nf6 12. Bh3 O-O 13. Bd2 Nd7 14. Bxd7 Qxd7 15. h5 c6 16. Nc3 Nc5 17. Qc2 e6 18. O-O-O cxd5 19. exd5 exd5 20. Nxd5 Nxa4 21. b3 Nc5 22. Bc3 a4 23. Bxg7 Nxb3+ 24. Qxb3 axb3 25. Nf6+ Kxg7 26. Nxd7 Rfe8 27. h6+ Kh8 28. Kb2 Ra2+ 29. Kxb3 Ree2 30. Rb1 Rxf2 31. Rhe1 Rfe2 32. Rxe2 Rxe2 33. Ra1 Re8 34. Nf6 Rb8 35. Ra7 Rf8 36. Re7 g5 37. Kc3 1-0


[Site "https://www.chess.com"]

[Event "Titled Tuesday Blitz November 14 Late 2023"]
[White "Kovalevsky, Stanislav"]
[Black "Silvestre, Christian"]
[WhiteFideId "13508598"]
[BlackFideId "30956269"]
[WhiteElo "2456"]
[BlackElo "2234"]
[Result "1/2-1/2"]
[Round "4"]
[TimeControl "180+1"]
[Date "2023.11.14"]
[WhiteClock "0:00:13"]
[BlackClock "0:00:22"]
[Board "133"]

1. e4 c5 2. c3 d5 3. exd5 Qxd5 4. Nf3 Nf6 5. d4 Bf5 6. Be3 cxd4 7. Nxd4 Bg6 8. Bb5+ Nbd7 9. O-O a6 10. Be2 e6 11. Nd2 Qd6 12. Nc4 Qc7 13. Qa4 Be7 14. Qa5 Rc8 15. Rad1 O-O 16. Qxc7 Rxc7 17. Nb3 Nd5 18. Bd4 Bc2 19. Rd2 Bxb3 20. axb3 Nc5 21. Bxc5 Bxc5 22. Bf3 Nf6 23. Rfd1 g6 24. Nd6 Bxd6 25. Rxd6 Rb8 26. Rb6 Nd7 27. Rbd6 Ne5 28. Be4 Kg7 29. f4 Ng4 30. g3 Nf6 31. Bf3 a5 32. Rb6 Nd7 33. Rbd6 Nc5 34. b4 axb4 35. cxb4 Na6 36. b5 Nc5 37. b4 Na4 38. Rd7 Rxd7 39. Rxd7 b6 40. g4 Nc3 41. f5 gxf5 42. gxf5 exf5 43. Kg2 Nxb5 44. Bd5 Rf8 45. Rb7 Nc3 46. Bc4 Rc8 47. Bxf7 Kf6 48. Bb3 b5 49. Rb6+ Ke5 50. Kf3 Rd8 51. Re6+ Kd4 52. Re7 Rd7 53. Rxd7+ Ke5 54. Rxh7 Ne4 55. Bc2 Ng5+ 56. Ke3 Nxh7 57. Bd3 Nf6 58. Bxb5 Ng4+ 59. Kf3 Nxh2+ 60. Kg3 Ng4 61. Be2 Nf6 62. b5 Ne4+ 63. Kf3 Nd6 64. Bd3 Nxb5 65. Bxb5 f4 66. Bc6 Kf5 67. Be4+ Kg5 68. Bd5 Kf6 69. Be4 Ke7 70. Bd5 Kd6 71. Be4 Kc5 72. Kxf4 1/2-1/2


[Site "https://www.chess.com"]

[Event "Titled Tuesday Blitz November 14 Late 2023"]
[White "Kustar, Sandor"]
[Black "Vila Dupla, Aurelio"]
[WhiteFideId "702900"]
[BlackFideId "2203383"]
[WhiteElo "2455"]
[BlackElo "2222"]
[Result "1-0"]
[Round "4"]
[TimeControl "180+1"]
[Date "2023.11.14"]
[WhiteClock "0:01:49"]
[BlackClock "0:01:50"]
[Board "134"]

1. Nf3 Nf6 2. c4 g6 3. g3 Bg7 4. Bg2 O-O 5. d4 c6 6. O-O d5 7. Nbd2 dxc4 8. Nxc4 Be6 9. b3 Bd5 10. Bb2 a5 11. Rc1 a4 12. b4 a3 13. Ba1 b5 14. Nce5 Bxa2 15. Nxc6 Nxc6 16. Rxc6 Bd5 17. Rc5 e6 18. Rxb5 Qd7 19. Rc5 Rfb8 20. Ne5 Qa4 21. Nc6 Rb6 22. b5 Rxb5 23. Qxa4 1-0


[Site "https://www.chess.com"]

[Event "Titled Tuesday Blitz November 14 Late 2023"]
[White "Grossboss19"]
[Black "Acosta Cruz, Oscar Yosimar"]
[BlackFideId "5111269"]
[WhiteElo "2453"]
[BlackElo "2214"]
[Result "1-0"]
[Round "4"]
[TimeControl "180+1"]
[Date "2023.11.14"]
[WhiteClock "0:00:10"]
[BlackClock "0:01:13"]
[Board "135"]

1. c4 c6 2. d4 d5 3. Nd2 Nf6 4. e3 a6 5. Ngf3 Bf5 6. Qb3 Ra7 7. a4 e6 8. Be2 Nbd7 9. O-O Bd6 10. Qd1 O-O 11. b3 Ne4 12. Nxe4 Bxe4 13. Bb2 f5 14. Nd2 f4 15. Nxe4 dxe4 16. Bg4 Qe7 17. Bh3 f3 18. g3 Nf6 19. Qc2 e5 20. Rfd1 b6 21. c5 bxc5 22. dxc5 Bb8 23. Qc4+ Kh8 24. Rd2 Qe8 25. Rad1 Qh5 26. Rd8 Rf7 27. Be6 Bc7 28. Bxf7 g6 29. Rxf8+ Kg7 30. Qe6 Ng4 31. h4 Nxe3 32. Rd7 Kxf8 33. Qe8+ Kg7 34. Bxg6+ Kh6 35. Rxh7# 1-0


[Site "https://www.chess.com"]

[Event "Titled Tuesday Blitz November 14 Late 2023"]
[White "Rodriguez Dominguez, Melissa"]
[Black "Kostiukov, Alexandr"]
[WhiteFideId "3517560"]
[BlackFideId "14108100"]
[WhiteElo "2222"]
[BlackElo "2446"]
[Result "1-0"]
[Round "4"]
[TimeControl "180+1"]
[Date "2023.11.14"]
[WhiteClock "0:00:07"]
[BlackClock "0:00:44"]
[Board "136"]

1. e4 c5 2. Nf3 g6 3. d4 cxd4 4. Nxd4 Bg7 5. c4 Nc6 6. Be3 Nf6 7. Nc3 O-O 8. Be2 Nxd4 9. Bxd4 Qa5 10. O-O d6 11. f3 Be6 12. Rc1 Rfc8 13. b3 a6 14. Kh1 Rab8 15. Qd3 Nd7 16. Bxg7 Kxg7 17. f4 f6 18. Nd5 Bxd5 19. exd5 b5 20. Bg4 f5 21. Bxf5 gxf5 22. Qxf5 Nf6 23. g4 Qd8 24. g5 Nd7 25. Rg1 Nf8 26. h4 bxc4 27. bxc4 Qd7 28. Qd3 Ng6 29. h5 Nh4 30. g6 h6 31. Rcf1 Qf5 32. Qg3 Qxh5 33. Qh2 Rxc4 34. f5 Rbc8 35. f6+ exf6 36. Qh3 R8c7 37. Rxf6 Kxf6 38. Rf1+ Nf5 39. Qxh5 Rc1 40. Qxf5+ 1-0


[Site "https://www.chess.com"]

[Event "Titled Tuesday Blitz November 14 Late 2023"]
[White "claudiuprunescu"]
[Black "PoXerStar"]
[WhiteElo "2201"]
[BlackElo "2439"]
[Result "1/2-1/2"]
[Round "4"]
[TimeControl "180+1"]
[Date "2023.11.14"]
[WhiteClock "0:00:37"]
[BlackClock "0:00:10"]
[Board "137"]

1. e4 c5 2. Nf3 Nc6 3. Bb5 e6 4. Bxc6 bxc6 5. d4 cxd4 6. Qxd4 d5 7. O-O Nf6 8. exd5 cxd5 9. c4 Bb7 10. Nc3 dxc4 11. Qxc4 Rc8 12. Qe2 Be7 13. Rd1 Qa5 14. Qb5+ Qxb5 15. Nxb5 a6 16. Nd6+ Bxd6 17. Rxd6 Nd5 18. b3 Rxc1+ 19. Rxc1 Ke7 20. Rxd5 Bxd5 21. Rc7+ Kf6 22. Nd4 a5 23. f3 a4 24. bxa4 Ra8 25. Nb5 Rxa4 26. Nd6 Rxa2 27. Rxf7+ Ke5 28. Ne4 Bxe4 29. fxe4 g5 30. Rxh7 Kxe4 31. Rg7 Kf5 32. h3 Rb2 33. Kh2 Rc2 34. Kg3 Rc3+ 35. Kf2 Rc2+ 36. Kf3 Rc3+ 37. Kf2 Rc2+ 38. Kg3 Rc3+ 39. Kh2 Rc2 40. Rf7+ Kg6 41. Rf8 Rb2 42. Re8 Kf6 43. Kg3 Rb3+ 44. Kf2 Rb2+ 45. Kf3 Rb3+ 46. Kg4 Rb4+ 47. Kf3 Rb3+ 48. Kg4 Rb4+ 49. Kf3 Rb3+ 1/2-1/2


[Site "https://www.chess.com"]

[Event "Titled Tuesday Blitz November 14 Late 2023"]
[White "Polaczek, Richard"]
[Black "campochess"]
[WhiteFideId "200026"]
[WhiteElo "2431"]
[BlackElo "2195"]
[Result "1-0"]
[Round "4"]
[TimeControl "180+1"]
[Date "2023.11.14"]
[WhiteClock "0:01:08"]
[BlackClock "0:01:23"]
[Board "138"]

1. d4 Nf6 2. Bg5 e6 3. e4 Be7 4. Bd3 c5 5. dxc5 Qa5+ 6. Nd2 Qxc5 7. Ngf3 Qc7 8. e5 Nd5 9. Bxe7 Nxe7 10. Ne4 Nbc6 11. Nd6+ Kf8 12. Qe2 Ng6 13. Bxg6 hxg6 14. O-O-O b5 15. Ng5 Nd8 16. Ngxf7 Rh5 17. Nxd8 Qxd8 18. Qf3+ Kg8 19. Qxa8 Rxe5 20. Qxc8 1-0


[Site "https://www.chess.com"]

[Event "Titled Tuesday Blitz November 14 Late 2023"]
[White "Nikologorsky, Matfei"]
[Black "Lopez Perdomo, Juan David"]
[WhiteFideId "24102474"]
[BlackFideId "4405137"]
[WhiteElo "2431"]
[BlackElo "2155"]
[Result "1-0"]
[Round "4"]
[TimeControl "180+1"]
[Date "2023.11.14"]
[WhiteClock "0:00:56"]
[BlackClock "0:00:43"]
[Board "139"]

1. e4 e6 2. d4 d5 3. Nd2 dxe4 4. Nxe4 Be7 5. Nf3 Nf6 6. Bd3 Nbd7 7. Qe2 b6 8. h4 Bb7 9. h5 Nxe4 10. Bxe4 Bxe4 11. Qxe4 h6 12. Bd2 O-O 13. g4 Nf6 14. Qd3 Nxg4 15. Rg1 f5 16. Qe2 Rf6 17. O-O-O Qd5 18. Kb1 b5 19. Ne5 Qxd4 20. Nxg4 fxg4 21. Bc3 Qxf2 22. Qxg4 Rf7 23. Bxg7 Bg5 24. Bxh6 1-0


[Site "https://www.chess.com"]

[Event "Titled Tuesday Blitz November 14 Late 2023"]
[White "tandercat"]
[Black "Villarreal, Agustin"]
[BlackFideId "125687"]
[WhiteElo "2044"]
[BlackElo "2429"]
[Result "0-1"]
[Round "4"]
[TimeControl "180+1"]
[Date "2023.11.14"]
[WhiteClock "0:00:00"]
[BlackClock "0:00:51"]
[Board "140"]

1. d4 d5 2. c4 e6 3. Nc3 Be7 4. cxd5 exd5 5. Bf4 c6 6. e3 Nf6 7. Bd3 O-O 8. Nge2 Nbd7 9. h3 Re8 10. O-O Nf8 11. Qc2 Ne6 12. Bh2 g6 13. a3 Ng7 14. f3 Bf5 15. e4 dxe4 16. fxe4 Be6 17. Rad1 Qd7 18. Kh1 Rad8 19. Rf3 h6 20. Be5 Nh7 21. Nf4 Ng5 22. Rg3 f6 23. Nxe6 N7xe6 24. d5 fxe5 25. dxe6 Qxe6 26. h4 Nf7 27. Ne2 Bxh4 28. Rh3 Qf6 29. Bc4 Kg7 30. Rxd8 Nxd8 31. Qd3 Bg5 32. Rf3 Qe7 33. Qb3 b5 34. Bxb5 cxb5 35. Qxb5 Nf7 36. Nc3 Bf4 37. Nd5 Qh4+ 38. Kg1 Qe1+ 0-1


[Site "https://www.chess.com"]

[Event "Titled Tuesday Blitz November 14 Late 2023"]
[White "Mazurkiewicz, Michal"]
[Black "Levine, David"]
[WhiteFideId "1124943"]
[BlackFideId "2011611"]
[WhiteElo "2428"]
[BlackElo "2134"]
[Result "1-0"]
[Round "4"]
[TimeControl "180+1"]
[Date "2023.11.14"]
[WhiteClock "0:02:44"]
[BlackClock "0:01:12"]
[Board "141"]

1. e4 e5 2. Nf3 Nc6 3. Bb5 a6 4. Bxc6 dxc6 5. O-O Bg4 6. h3 h5 7. d3 Qf6 8. Nbd2 Ne7 9. Re1 Ng6 10. d4 Bd6 11. hxg4 hxg4 12. Nh2 Qh4 13. Ndf1 exd4 14. e5 Nxe5 15. Bf4 f6 16. Qxg4 Qxg4 17. Nxg4 O-O-O 18. Nxe5 fxe5 19. Bxe5 Rde8 20. Bxd6 cxd6 21. Rxe8+ Rxe8 22. Ng3 c5 23. Kf1 Kc7 24. Re1 Rxe1+ 25. Kxe1 Kc6 26. Nf5 g6 27. Ne7+ 1-0


[Site "https://www.chess.com"]

[Event "Titled Tuesday Blitz November 14 Late 2023"]
[White "ATM622"]
[Black "Djordjevic, Dejan N"]
[BlackFideId "913316"]
[WhiteElo "2427"]
[BlackElo "2039"]
[Result "1-0"]
[Round "4"]
[TimeControl "180+1"]
[Date "2023.11.14"]
[WhiteClock "0:02:43"]
[BlackClock "0:01:50"]
[Board "142"]

1. d4 Nf6 2. c4 g6 3. g3 Bg7 4. Bg2 d6 5. Nf3 O-O 6. O-O Nc6 7. Nc3 a6 8. b3 Bd7 9. Bb2 Qc8 10. Re1 Rb8 11. e4 e5 12. Nd5 Re8 13. Rc1 exd4 14. Nxd4 Ne5 15. f4 Nc6 16. Nxc6 Bxc6 17. Nxf6+ Bxf6 18. Bxf6 1-0


[Site "https://www.chess.com"]

[Event "Titled Tuesday Blitz November 14 Late 2023"]
[White "Lutz, Igor Oscar"]
[Black "Stanojevic, Ilija"]
[WhiteFideId "2110806"]
[BlackFideId "959995"]
[WhiteElo "1835"]
[BlackElo "2424"]
[Result "0-1"]
[Round "4"]
[TimeControl "180+1"]
[Date "2023.11.14"]
[WhiteClock "0:00:03"]
[BlackClock "0:00:42"]
[Board "143"]

1. d4 Nf6 2. c4 d6 3. Nc3 Nbd7 4. e4 e5 5. Nf3 Be7 6. Be2 c6 7. Be3 h6 8. Qc2 Qc7 9. d5 c5 10. a3 a6 11. b3 b6 12. b4 Rb8 13. Rb1 Ng4 14. Bd2 Nf8 15. h3 Nf6 16. b5 a5 17. a4 g5 18. Nh2 Ng6 19. g3 Bxh3 20. Nf3 Qd7 21. Ng1 Bg4 22. f3 Bh5 23. g4 Bxg4 24. fxg4 Nxg4 25. Qd3 Nf4 26. Qg3 Nf6 27. Nf3 Kd8 28. Nxg5 Kc7 29. Nxf7 Rbg8 30. Qf3 Rh7 31. Nxh6 Rgh8 32. Bxf4 exf4 33. Kd2 Rxh6 34. Rxh6 Rxh6 35. Qxf4 Nh7 36. Bg4 Qe8 37. Be6 Bg5 38. Rf1 Bxf4+ 39. Rxf4 Rh2+ 40. Kd3 Ng5 41. Ne2 Nxe6 42. dxe6 Qxe6 43. Ng3 Rh3 44. Rf3 Qg6 0-1


[Site "https://www.chess.com"]

[Event "Titled Tuesday Blitz November 14 Late 2023"]
[White "Yeritsyan, Hayk"]
[Black "DAVIDHDZSTS"]
[WhiteFideId "13307320"]
[WhiteElo "2422"]
[BlackElo "1863"]
[Result "1-0"]
[Round "4"]
[TimeControl "180+1"]
[Date "2023.11.14"]
[WhiteClock "0:01:57"]
[BlackClock "0:00:00"]
[Board "144"]

1. d4 e6 2. Nf3 f5 3. Bf4 Nf6 4. e3 d5 5. c4 c6 6. Nbd2 Be7 7. Bd3 O-O 8. O-O Ne4 9. Qc2 Nd7 10. c5 Kh8 11. b4 Rg8 12. a4 Qe8 13. Ne5 Nxe5 14. Bxe5 Bd7 15. f3 Nxd2 16. Qxd2 Bf6 17. Bd6 e5 18. Bc2 exd4 19. exd4 Qh5 20. Rfe1 Rge8 21. Be5 Bxe5 22. Rxe5 Rxe5 23. dxe5 Re8 24. f4 Qf7 25. Qd4 Be6 26. Bd3 Rb8 27. b5 Qd7 28. Rb1 b6 29. Rb2 cxb5 30. Bxb5 Qc7 31. Rc2 bxc5 32. Qxc5 Qxc5+ 33. Rxc5 g6 34. Bc6 Rb6 35. Bxd5 1-0


[Site "https://www.chess.com"]

[Event "Titled Tuesday Blitz November 14 Late 2023"]
[White "Toncheva, Nadya"]
[Black "Li, Hui"]
[WhiteFideId "2924056"]
[BlackFideId "15400310"]
[WhiteElo "2556"]
[BlackElo "2326"]
[Result "1-0"]
[Round "4"]
[TimeControl "180+1"]
[Date "2023.11.14"]
[WhiteClock "0:02:07"]
[BlackClock "0:00:00"]
[Board "146"]

1. e4 e5 2. Nf3 Nf6 3. Nxe5 d6 4. Nf3 Nxe4 5. d3 Nf6 6. d4 d5 7. Bd3 Bd6 8. h3 O-O 9. O-O h6 10. c4 dxc4 11. Bxc4 c6 12. Nc3 Bf5 13. d5 cxd5 14. Nxd5 Nxd5 15. Bxd5 Nc6 16. Be3 Nb4 17. Bc4 Nc2 18. Rc1 Nxe3 19. fxe3 Qe7 20. Kh1 Rad8 21. Nd4 Be4 22. Qh5 Qe5 23. Bxf7+ Kh8 24. Qxe5 Bxe5 25. Ne6 Rxf7 26. Nxd8 Rxf1+ 27. Rxf1 Kg8 28. Nf7 Bxb2 29. Nd6 Bc6 30. Nxb7 Bxb7 31. Rb1 Bc1 32. Rxc1 Bd5 33. a3 a6 34. Rc5 Be4 35. Rc8+ Kf7 36. Rc7+ Kf8 37. Ra7 Bd3 38. Kg1 Kg8 39. Kf2 Kf8 40. g3 Bc4 41. h4 Kg8 42. e4 Kf8 43. Ke3 Kg8 44. Kd4 Bf1 45. e5 Kf8 46. e6 Kg8 47. Ke5 Kf8 48. Kd6 1-0


[Site "https://www.chess.com"]

[Event "Titled Tuesday Blitz November 14 Late 2023"]
[White "Quirke, Jeffrey"]
[Black "Sreyas Payyappat"]
[WhiteFideId "2013029"]
[BlackFideId "46674969"]
[WhiteElo "2285"]
[BlackElo "2490"]
[Result "0-1"]
[Round "4"]
[TimeControl "180+1"]
[Date "2023.11.14"]
[WhiteClock "0:00:16"]
[BlackClock "0:00:28"]
[Board "147"]

1. e4 c6 2. Nf3 d5 3. exd5 cxd5 4. Ne5 Nc6 5. d4 Nf6 6. f4 g6 7. c3 Bg7 8. Bd3 Bf5 9. O-O Qc7 10. h3 e6 11. Qf3 O-O-O 12. Na3 a6 13. Nc2 Bxd3 14. Qxd3 Ne4 15. Be3 Rhf8 16. Ne1 f6 17. Nxc6 Qxc6 18. Nf3 Qc7 19. Rfc1 Kb8 20. Rab1 e5 21. fxe5 fxe5 22. Nxe5 Bxe5 23. dxe5 Qxe5 24. Qd4 Qxd4 25. Bxd4 Rde8 26. Rf1 Rxf1+ 27. Rxf1 Re7 28. Rf8+ Kc7 29. Rh8 Ng3 30. Kf2 Nf5 31. g4 Nxd4 32. cxd4 Kb6 33. Kf3 Kb5 34. b3 Kb4 35. Rd8 Ka3 36. Rxd5 Kxa2 37. Re5 Rd7 38. d5 Kxb3 39. Ke4 a5 40. Re6 a4 41. Rb6+ Kc2 42. Ke5 a3 43. Rb5 a2 44. Ra5 Kb2 45. Ke6 Rd8 46. d6 a1=Q 47. Rxa1 Kxa1 48. Ke7 Rh8 49. d7 b5 50. d8=Q Rxd8 51. Kxd8 b4 52. Ke7 b3 53. Kf7 b2 54. Kg7 b1=Q 55. Kxh7 g5+ 56. Kh6 Qb5 57. h4 gxh4 0-1


[Site "https://www.chess.com"]